 Dungeon Crawl Stone Soup version 0.31-a0-524-g2a164cf6a2 (webtiles) character file.

Game seed: 18394579476955655013

3 AdnanSaban the Shield-Bearer (level 1, -1/14 HPs)
             Began as a Gargoyle Fighter on Aug 12, 2023.
             Slain by a kobold
             ... wielding a +0 short sword of venom
              (3 damage)
             ... on level 1 of the Dungeon.
             The game lasted 00:00:09 (50 turns).

AdnanSaban the Shield-Bearer (Gargoyle Fighter)       Turns: 50, Time: 00:00:09

Health: -1/14      AC:  9    Str: 19    XL:     1   Next: 50%
Magic:  1/1        EV:  9    Int:  8    God:
Gold:   0          SH:  4    Dex:  9    Spells: 0/0 levels left

rFire   . . .        a - +0 flail
rCold   . . .        c - +0 buckler
rNeg    + . .        b - +0 scale mail
rPois   ∞            (no helmet)
rElec   +            (no cloak)
rCorr   +            (no gloves)
SInv    .            (no boots)
Will    .....        (no amulet) Stlth
                     e - ring of resist corrosion
HPRegen 0.22/turn    (no ring)
MPRegen 0.07/turn

%: no passive effects
@: no status effects
A: sickness immunity, AC +2, negative energy resistance 1, electricity
resistance, torment resistance 1, petrification resistance
a: no special abilities


You were on level 1 of the Dungeon.
You visited 1 branch of the dungeon, and saw 1 of its levels.

Inventory:

Hand Weapons
 a - a +0 flail (weapon)
Armour
 b - a +0 scale mail (worn)
 c - a +0 buckler (worn)
Jewellery
 e - a ring of resist corrosion (left hand)
Potions
 d - a potion of might


   Skills:
 + Level 3.4 Fighting
 + Level 2.0 Maces & Flails
 + Level 3.2 Armour
 + Level 3.4 Shields


You couldn't memorise any spells.
You didn't know any spells.
Your spell library was empty.

Dungeon Overview and Level Annotations

Branches:
Dungeon (1/15)

Altars:


Innate Abilities, Weirdness & Mutations

You are immune to sickness and miasma.
Your stone body is resilient. (AC +2)
You are immune to poison.
You resist negative energy. (rN+)
You are resistant to electric shocks. (rElec)
You are resistant to unholy torment.
You are immune to petrification.


Message History

A jackal comes into view. 2 jackals come into view.
The jackal barks! x2
The goblin hits you but does no damage. The kobold barely misses you.
You sock the goblin!
You kill the goblin!
The jackal barely misses you. The kobold hits you with a +4 dagger.
You block the kobold's attack.
A ball python comes into view.
The ball python hisses angrily.
You hit the jackal but do no damage.
The kobold hits you with a +0 short sword of venom.
The kobold barely misses you. The jackal closely misses you.
You miss the jackal.
The jackal bites you but does no damage.
The kobold hits you but does no damage. The kobold closely misses you.
You block the kobold's attack. The kobold closely misses you.
You hit the jackal.
The jackal is heavily wounded.
You block the jackal's attack. The jackal bites you.
The kobold hits you with a +4 dagger.
The kobold hits you with a +0 short sword of venom.
The jackal bites you.
* * * LOW HITPOINT WARNING * * *
The jackal bites you but does no damage.
The jackal attacks as you move away!
The jackal bites you but does no damage.
The jackal attacks as you move away! The jackal bites you.
* * * LOW HITPOINT WARNING * * *
The kobold attacks as you move away! You block the kobold's attack.
The kobold throws a stone.
The stone hits you but does no damage.
The jackal bites you but does no damage. x2
The jackal attacks as you move away!
The jackal bites you but does no damage.
The kobold attacks as you move away! You block the kobold's attack.
Unknown command.
The jackal attacks as you move away! The jackal barely misses you.
The kobold attacks as you move away!
The kobold hits you with a +0 short sword of venom.
You die...

.......#.....##
..............##
...............#
...............#
^.....).?......#
..........K....#
.......S.......#
.........hKh...#
#........h@....#
##.....#.....†.#####
#######............
#.......#####
###.....†.# ..
..........# .#
........†.# .# #..
#####......## .# #..
##......#####.# #..


You could see 3 jackals, a ball python and 2 kobolds.

Vanquished Creatures
  A goblin (D:1)
  A ball python (D:1)
  A bat (D:1)
  A frilled lizard (D:1)
4 creatures vanquished.

Notes
Turn   | Place    | Note
-------+----------+-------------------------------------------
     0 | D:1      | AdnanSaban the Gargoyle Fighter began the quest for the
                  | Orb.
     0 | D:1      | Reached XP level 1. HP: 14/14 MP: 1/1
    50 | D:1      | Slain by a kobold

Illustrated notes

Levels and vault maps discovered:
D:1:      ldierk_walled_garden_2, layout_rooms, minivault_24

Action                     || total
---------------------------++-------
  Melee: Flail             ||    11
 Armour: Scale mail        ||    18
  Dodge: Dodged            ||    14
  Block: Buckler           ||     8

Table legend: (Time is in decaauts)
 A = Elapsed time spent in this place.
 B = Non-inter-level travel time spent in this place.
 C = Inter-level travel time spent in this place.
 D = Time resting spent in this place.
 E = Time spent auto-exploring this place.
 F = Levels seen in this place.
 G = Mean time per level.
                   A        B        C        D        E       F      G
               +--------+--------+--------+--------+--------+-----+--------+
         Total |     53 |     53 |      0 |      0 |     21 |   1 |   53.0 |
       Dungeon |     53 |     53 |      0 |      0 |     21 |   1 |   53.0 |
               +--------+--------+--------+--------+--------+-----+--------+

Top non-repeatable levels by time:
     D:1: 53 daAuts
